Map: Бюро находок РВ

Players

Murena

  • Race: Terran Terran
  • Spawn Location: 1:00

ИИ 1 (эксперт) - Winner!

  • Race: Protoss Protoss
  • Spawn Location: 7:00

VOD

Have the link to the VOD?

Description

Time

  • Played on: March 26, 2019, 4:38 a.m.
  • Length: 4:45
Show
View Real Time Build Order
Export as new Build Order

Murena Terran 

Build Orders: Cyclone Opening 

Get SALT Encoding   

  12  0:00  SCV  
  13  0:12  SCV  
  14  0:18  Supply Depot  
  14  0:25  SCV  
  15  0:31  Refinery  
  15  0:42  Barracks  
  15  0:46  SCV  
  16  0:58  SCV  
  16  1:01  Refinery  
  17  1:07  Supply Depot  
  17  1:10  SCV  
  18  1:23  SCV  
  19  1:31  Factory  
  19  1:35  SCV  
  19  1:39  Marine  
  21  1:48  SCV  
  22  2:00  Factory, Marine  
  23  2:05  SCV  
  24  2:15  Factory Tech Lab  
  24  2:17  SCV  
  24  2:19  Marine  
  26  2:33  Barracks  
  26  2:39  Cyclone  
  26  2:43  Factory Tech Lab  
  29  2:51  Supply Depot  
  29  2:53  Marine  
  29  2:58  SCV  
  31  3:13  Cyclone  
  31  3:16  Cyclone  
  37  3:20  Marine  
  37  3:23  Marine  
  39  3:32  Supply Depot  
  39  3:39  Orbital Command  
Show
View Real Time Build Order
Export as new Build Order

ИИ 1 (эксперт) Protoss - Winner!

Build Orders: 1 Gate Expand 

Get SALT Encoding   

  12  0:00  Probe  
  13  0:13  Probe  
  14  0:19  Pylon  
  14  0:25  Probe  
  15  0:33  Probe  
  15  0:42  Probe  
  16  0:47  Assimilator  
  17  0:50  Gateway  
  17  0:52  Probe  
  18  0:58  Pylon  
  18  1:00  Probe  
  19  1:08  Probe  
  19  1:18  Probe  
  21  1:30  Probe  
  22  1:36  Nexus  
  22  1:42  Probe  
  22  1:44  Zealot  
  25  1:58  Cybernetics Core  
  25  2:07  Gateway  
  25  2:13  Pylon, Zealot  
  25  2:21  Probe  
  28  2:24  Warp Gate  
  28  2:33  Assimilator, Probe  
  29  2:40  Adept  
  31  2:45  Probe  
  31  2:49  Probe  
  31  2:50  Adept  
  35  2:59  Pylon  
  35  3:00  Probe  
  36  3:10  Adept  
  36  3:11  Probe  
  39  3:13  Probe  
  39  3:15  Sentry  
  42  3:34  Stalker, Gateway  
  42  3:40  Probe  
  42  3:41  Stalker  
  47  3:48  Probe  
  47  3:52  Probe  
  47  3:55  Stalker  
  49  4:00  Probe  
  50  4:04  Probe  
  53  4:12  Probe  
  53  4:16  Probe  
  55  4:18  Stalker  
  57  4:25  Pylon, Probe  
  57  4:28  Stalker, Probe  
  61  4:35  Pylon, Stalker  
  58  4:41  Stalker  
Tags
 
Add a new tag
Caveats
  • Supply blocks, unpowered buildings, or Contaminate may cause inaccurate times.
  • Supply counts are checked every 10 seconds.